 Dungeon Crawl Stone Soup version 0.30-a0-808-g6e0788376e (webtiles) character file.

Game seed: 6438312151518430625

307038 cforsyth the Imperceptible (level 22, -8/128 (135) HPs)
             Began as a Kobold Brigand on Feb 26, 2023.
             Was the Champion of Hepliaklqana.
             Killed from afar by an ancient champion (59 damage)
             ... with an iron shot
             ... on level 2 of the Vaults.
             The game lasted 01:14:19 (45236 turns).

cforsyth the Imperceptible (Kobold Brigand)        Turns: 45236, Time: 01:14:20

HP:   -8/128 (135)  AC: 20    Str: 11    XL:     22   Next: 10%
MP:   22/22         EV: 43    Int: 15    God:    Hepliaklqana [******]
Gold: 1311          SH: 17    Dex: 36    Spells: 21/21 levels left

rFire   . . .      SeeInvis +    A - +8 long sword of the Heavens {venom, SInv Stlth+}
rCold   . . .      Faith    .    U - +0 kite shield {AC+3}
rNeg    + . .      Spirit   .    y - +8 Cigotuvi's embrace {Corpsefed rMiasma Drain rN+}
rPois   .          Reflect  .    D - +1 helmet
rElec   .          Harm     .    c - +1 cloak
rCorr   .          Rampage  .    g - +0 pair of gloves
Will    +....                    H - +0 pair of boots Stlth **++++++++
                                 O - amulet "Cahe Ohe" {Regen+ Str+2}
HPRegen 1.21/turn                p - +6 ring of dexterity
MPRegen 0.18/turn                s - +6 ring of dexterity

@: drained
A: reduced essence, small, no large weapons, nightstalker 3
}: 2/15 runes: serpentine, barnacled
a: Renounce Religion, Recall Ancestor, Ancestor Identity, Transference, Idealise


You were on level 2 of the Vaults.
You worshipped Hepliaklqana.
Hepliaklqana was exalted by your worship.
You visited 6 branches of the dungeon, and saw 32 of its levels.
You also visited: Bailey, Ice Cave and Volcano.

You collected 3720 gold pieces.
You spent 2409 gold pieces at shops.

Inventory:

Hand Weapons
 a - a +2 dagger
 k - a +2 dagger of electrocution
 A - the +8 long sword of the Heavens (weapon) {venom, SInv Stlth+}
   (You found it in an ice cave)

   SInv:      It lets you see invisible.
   Stlth:     It makes you more stealthy.
 K - a +1 dagger of venom
Missiles
 d - 64 poisoned darts (quivered)
 e - 11 curare-tipped darts
 I - 6 datura-tipped darts
Armour
 c - a +1 cloak (worn)
 g - a +0 pair of gloves (worn)
 y - the +8 Cigotuvi's embrace (worn) {Corpsefed rMiasma Drain rN+}
   (You bought it in a shop on level 11 of the Dungeon)

   Corpsefed: It gathers nearby corpses to temporarily increase the armour it
   provides.
   rMiasma:   It protects you from foul pestilence.
   rN:        It protects you from negative energy.
   Drain:     It drains your maximum health when unequipped.
 D - a +1 helmet (worn)
 H - a +0 pair of boots (worn)
 U - a +0 kite shield of protection (worn)
Jewellery
 p - a +6 ring of dexterity (left hand)
 s - a +6 ring of dexterity (right hand)
 t - a ring of resist corrosion
 B - a ring of flight
 J - a ring of protection from fire
 O - the amulet "Cahe Ohe" (around neck) {Regen+ Str+2}
   (You bought it in a shop on level 3 of the Snake Pit)

   [amulet of regeneration]

   Str:       It affects your strength (+2).
   Regen:     It increases your rate of health regeneration.
 T - a ring of ice
 V - a ring of willpower
 W - the ring of Ykliac {rElec rN++ rCorr Dex-2 Stlth+}
   (You found it on level 1 of the Lair of Beasts)

   [ring of resist corrosion]

   Dex:       It affects your dexterity (-2).
   rElec:     It insulates you from electricity.
   rN:        It greatly protects you from negative energy.
   rCorr:     It protects you from acid and corrosion.
   Stlth:     It makes you more stealthy.
Wands
 f - a wand of quicksilver (12)
 j - a wand of paralysis (35)
 P - a wand of iceblast (29)
 R - a wand of digging (10)
 Y - a wand of polymorph (8)
Scrolls
 b - 3 scrolls of teleportation
 i - 5 scrolls of enchant armour
 l - 4 scrolls of fog
 m - 4 scrolls of blinking
 n - 4 scrolls of butterflies
 o - 10 scrolls of fear
 r - 4 scrolls of brand weapon
 u - 7 scrolls of magic mapping
 v - 6 scrolls of enchant weapon
 w - 3 scrolls of immolation
 x - a scroll of silence
Potions
 h - 6 potions of attraction
 q - 7 potions of invisibility
 z - 19 potions of curing
 C - 7 potions of mutation
 E - 3 potions of cancellation
 F - 5 potions of brilliance
 G - a potion of might
 L - a potion of resistance
 M - 7 potions of lignification
 N - 3 potions of heal wounds
 Q - 6 potions of flight
 S - a potion of haste
 X - 4 potions of magic
 Z - 3 potions of ambrosia


   Skills:
 + Level 19.6 Fighting
 - Level 14.0(17.1) Short Blades
 + Level 10.6(12.0) Long Blades
 - Level 2.1 Throwing
 + Level 21.1 Dodging
 + Level 24.9 Stealth
 + Level 13.9 Shields


You had 21 spell levels left.
You didn't know any spells.
Your spell library contained the following spells:

 Spells                   Type           Power      Damage    Failure   Level
 Apportation              Tloc           0%         N/A       65%         1
 Beastly Appendage        Tmut           0%         N/A       65%         1
 Magic Dart               Conj           0%         1d3       65%         1
 Necrotise                Necr           0%         1d4       65%         1
 Sandblast                Erth           0%         2d4       65%         1
 Shock                    Conj/Air       0%         1d3       65%         1
 Sting                    Tmut/Pois      0%         1d3       65%         1
 Summon Small Mammal      Summ           0%         N/A       65%         1
 Cigotuvi's Dreadful Rot  Necr/Pois/Air  0%         N/A       78%         2
 Passwall                 Tmut/Erth      0%         N/A       78%         2
 Poisonous Vapours        Pois/Air       0%         N/A       78%         2
 Searing Ray              Conj           0%         2d4       78%         2
 Wereblood                Tmut           0%         N/A       78%         2
 Dazzling Flash           Conj/Hex       0%         N/A       95%         3
 Inner Flame              Hex/Fire       0%         N/A       95%         3
 Mephitic Cloud           Conj/Pois/Air  0%         N/A       95%         3
 Spider Form              Tmut/Pois      0%         N/A       95%         3
 Stone Arrow              Conj/Erth      0%         3d7       95%         3
 Vampiric Draining        Necr           0%         2d6       95%         3
 Cause Fear               Hex            0%         N/A       100%        4
 Flame Wave               Conj/Fire      0%         2d4       100%        4
 Fulminant Prism          Conj/Hex       0%         3d5       100%        4
 Iskenderun's Mystic Bla  Conj/Tloc      0%         2d3       100%        4
 Olgreb's Toxic Radiance  Pois           0%         N/A       100%        4
 Passage of Golubria      Tloc           0%         N/A       100%        4
 Sticky Flame             Conj/Fire      0%         2d3       100%        4
 Summon Ice Beast         Ice/Summ       0%         N/A       100%        4
 Agony                    Necr           0%         N/A       100%        5
 Fireball                 Conj/Fire      0%         3d3       100%        5
 Freezing Cloud           Conj/Ice/Air   0%         6-21      100%        5
 Iskenderun's Battlesphe  Conj           0%         2d6       100%        5
 Silence                  Hex/Air        0%         N/A       100%        5
 Summon Mana Viper        Hex/Summ       0%         N/A       100%        5
 Conjure Ball Lightning   Conj/Air       0%         3x3d6     100%        6
 Iron Shot                Conj/Erth      0%         9d1       100%        6
 Simulacrum               Ice/Necr       0%         N/A       100%        6
 Starburst                Conj/Fire      0%         6d3       100%        6
 Monstrous Menagerie      Summ           0%         N/A       100%        7
 Orb of Destruction       Conj           0%         9d5       100%        7
 Spellforged Servitor     Conj/Summ      0%         N/A       100%        7
 Discord                  Hex            0%         N/A       100%        8
 Lehudib's Crystal Spear  Conj/Erth      0%         10d2      100%        8
 Polar Vortex             Ice            0%         N/A       100%        9


Dungeon Overview and Level Annotations

Branches:
Dungeon (15/15)            Temple (0/1) D:4            Lair (5/5) D:8
 Shoals (4/4) Lair:3        Snake (4/4) Lair:3        Slime (0/5) Lair:5
    Orc (2/2) D:10            Elf (0/3) Orc:2        Vaults (2/5) D:13
  Crypt (0/3) Vaults:2     Depths (0/4) D:15         Bailey (visited)
  IceCv (visited)         Volcano (visited)

Altars:
Hepliaklqana
Makhleb
Okawaru
Sif Muna
Trog
Uskayaw
Wu Jian
Xom
The Shining One

Shops:
D:1 [   D:11 [   Orc:1 ?   Orc:2 :*[*   Snake:1 :!:   Snake:3 =

Annotations:
Lair:4 2 transporters, exclusion: oklob plant
Vaults:2 31 runed doors


Innate Abilities, Weirdness & Mutations

Your life essence is reduced to manifest your ancestor. (-10% HP)
You are small and have problems with some larger weapons.
You are completely attuned to the shadows.


Message History

You are too injured to fight recklessly!
You are too injured to fight recklessly!
You are too injured to fight recklessly!
You are too injured to fight recklessly!
You are too injured to fight recklessly!
You are too injured to fight recklessly!
Unknown command.
You slice the death knight!!
The death knight looks as sick as possible!
The death knight is severely wounded.
The death knight reflects your damage back at you!
* * * LOW HITPOINT WARNING * * *
The death knight's dark mirror aura disappears.
The death knight reflects your damage back at you!
The ancient champion hits you with a +3 great sword of draining!!
* * * LOW HITPOINT WARNING * * *
You partially resist.
You feel drained.
* * * LOW HITPOINT WARNING * * *
You block the death knight's attack.
The ancient champion casts a spell at you.
The iron shot hits Necuametl!!
Necuametl hits the ancient champion but does no damage.
Something hits Necuametl!!
The ancient champion hits Necuametl with a +3 great sword of draining!!
Unknown command.
Something closely misses Necuametl.
The ancient champion barely misses Necuametl.
There is an open door here.
The ancient champion completely misses Necuametl.
A chunk of your corpse armour falls away.
The ancient champion hits Necuametl with a +3 great sword of draining!
Necuametl is destroyed!
You feel much better.
You block the ancient champion's attack. x2
You barely miss the ancient champion.
You block the ancient champion's attack.
You hit the ancient champion but do no damage.
The ancient champion casts a spell at you.
The iron shot hits you!!!
You die...

#..##### #..### #.......
#.##.. ###'###### #.#...
#......# #.'..8 #......#
#.#... #......# #.##.)
#......# ####### #.z....#
#....#. #.@....# #....#.
#######'##### #......
##.#.+.#.+.#.## #....##
#..#.#.'.#.#R.#####'#####
##'#.#.'.#.##'#....^.....
#...R#.))#R...#..........
#####')#.'#####..++++++++
#......#...)).#..+
#'###########'#..+


You could see an ancient champion (fast).

Vanquished Creatures
  Frances (D:13)
  A quicksilver dragon (Snake:4)
  3 sphinxes
  Donald (Vaults:1)
  2 nagarajas (Snake:4)
  2 frost giants
  5 vault wardens (Vaults:1)
  A curse skull (Vaults:2)
  An orc warlord (Orc:1)
  4 ironbound preservers (Vaults:1)
  2 war gargoyles (Vaults:2)
  5 very ugly things
  2 ironbound thunderhulks (Vaults:1)
  3 minotaurs (Shoals:4)
  8 dire elephants (Vaults:1)
  A merfolk impaler (Shoals:1)
  A jiangshi (Vaults:2)
  An ettin (D:14)
  3 great orbs of eyes
  5 yaktaur captains
  5 salamander tyrants (Snake:4)
  A rakshasa (D:15)
  A peacekeeper (Vaults:2)
  3 hydras
  An ironbound frostheart (Vaults:1)
  2 vault guards (Bailey)
  9 centaur warriors
  10 anacondas
  3 ogre magi
  2 catoblepae (Lair:5)
  A death knight (D:15)
  Erica (D:9)
  14 death yaks
  An alligator snapping turtle (Shoals:2)
  3 boulder beetles
  2 merfolk avatars
  8 satyrs
  17 two-headed ogres
  9 naga warriors
  8 shock serpents
  10 naga sharpshooters
  4 skysharks
  Sonja (D:12)
  2 fire crabs
  9 sea snakes
  21 deep trolls
  A glowing orange brain (D:15)
  6 naga ritualists
  19 slime creatures
  12 lindwurms
  4 wizards (Vaults:1)
  2 orc knights
  3 ironbound convokers
  20 harpies
  20 ugly things
  6 deep elf pyromancers
  Pikel (D:9)
  A wolf spider (shapeshifter) (D:15)
  14 manticores
  4 salamanders
  21 fauns
  12 mana vipers
  7 cyclopes
  7 merfolk sirens
  10 elephants
  5 vault sentinels
  A guardian serpent (shapeshifter) (D:14)
  5 guardian serpents
  Joseph (D:9)
  11 naga magi
  A water nymph (Shoals:4)
  21 black mambas
  An ice statue (IceCv)
  16 cane toads
  3 gargoyles
  3 unseen horrors
  17 yaktaurs
  5 komodo dragons
  A rime drake (Lair:5)
  2 kobold demonologists
  Psyche (D:9)
  2 efreet
  A freezing wraith (D:14)
  A tengu conjurer (D:14)
  7 merfolk
  13 trolls
  A hornet (D:10)
  8 polar bears
  4 meliai (D:14)
  A queen bee (D:14)
  6 wind drakes
  Prince Ribbit (D:9)
  2 snapping turtles
  10 blink frogs
  2 dream sheep
  Sigmund (D:2)
  75 yaks
  4 water elementals
  2 wyverns
  2 shadows
  A vampire (D:9)
  2 wraiths
  8 fire bats (Volcano)
  4 basilisks
  3 humans (Bailey)
  A basilisk (shapeshifter) (D:13)
  9 vampire mosquitoes
  3 wargs
  Edmund (D:5)
  34 nagas
  2 hell hounds (Volcano)
  2 acid dragons
  15 water moccasins
  14 orc warriors
  An ice beast (D:5)
  A sky beast (D:6)
  6 black bears
  20 ogres
  26 wolves
  7 centaurs
  7 kobold brigands
  A lemure (D:9)
  17 bullfrogs
  A necrophage (D:4)
  A gnoll sergeant (D:11)
  3 scorpions (D:5)
  22 wights
  33 killer bees
  6 electric eels
  8 howler monkeys
  5 lava snakes (Volcano)
  3 hounds (D:5)
  3 jellies
  17 orc priests
  3 gnoll boudas (D:6)
  Ijyb (D:5)
  19 orc wizards
  22 gnolls
  7 adders
  3 ufetubi (D:5)
  3 worms (D:2)
  A dart slug (D:3)
  50 orcs
  6 bats
  3 endoplasms
  3 giant cockroaches
  13 goblins
  8 hobgoblins
  6 jackals (D:1)
  2 quokkas (D:2)
  6 ball pythons
  3 frilled lizards
  34 kobolds
  7 rats
  A butterfly (D:5)
1095 creatures vanquished.

Vanquished Creatures (collateral kills)
  Vashnia (Snake:3)
  A quicksilver dragon (Snake:4)
  A storm dragon (D:14)
  The ghost of cforsyth the Convoker, an adept TeSu of Gozag (Snake:4)
  A nagaraja (Snake:4)
  The ghost of dolemite99 the Thaumaturge, an adept DjNe of Gozag (D:14)
  2 ironbound preservers
  An ironbound thunderhulk (Vaults:1)
  A very ugly thing (Vaults:2)
  A yaktaur captain (Vaults:1)
  A merfolk impaler (Shoals:4)
  2 salamander tyrants (Snake:4)
  6 anacondas
  An ogre mage (Orc:2)
  An ironbound frostheart (Vaults:2)
  2 merfolk aquamancers
  3 satyrs (Shoals:4)
  A centaur warrior (D:14)
  2 naga warriors
  A deep troll shaman (Lair:5)
  A deep elf knight (D:13)
  9 naga sharpshooters
  A shock serpent (Snake:2)
  Nergalle (Orc:1)
  A skyshark (Lair:3)
  3 sea snakes (Shoals:2)
  2 deep trolls (Vaults:1)
  A deep elf archer (D:14)
  3 naga ritualists
  6 harpies
  An ironbound convoker (Vaults:1)
  A lindwurm (Volcano)
  A deep elf pyromancer (D:13)
  A deep elf zephyrmancer (D:13)
  10 mana vipers
  6 ugly things
  4 cyclopes
  5 salamanders
  4 manticores
  4 fauns
  6 merfolk sirens
  9 elephants
  A water nymph (Shoals:1)
  3 naga magi
  6 black mambas
  A guardian serpent (Snake:4)
  A torpor snail (Lair:5)
  An unseen horror (D:11)
  A cane toad (Lair:4)
  A troll (Orc:2)
  A wind drake (Shoals:4)
  2 meliai (D:14)
  2 merfolk
  2 blink frogs (Lair:1)
  2 snapping turtles
  A dream sheep (Shoals:2)
  A water elemental (Shoals:1)
  A wyvern (Lair:2)
  A wraith (D:13)
  12 yaks
  2 basilisks
  2 fire bats (Volcano)
  A steam dragon (Volcano)
  3 nagas
  A warg (Orc:1)
  A water moccasin (Lair:5)
  7 orc warriors
  2 black bears
  5 wolves
  A centaur (D:13)
  5 ogres
  2 kobold brigands
  10 bullfrogs
  A wight (D:9)
  6 killer bees (D:14)
  6 electric eels
  A howler monkey (D:6)
  A lava snake (Volcano)
  An orc priest (Orc:1)
  5 orc wizards
  A gnoll (D:6)
  A white imp (D:6)
  12 orcs
  A hobgoblin (Bailey)
  4 kobolds
233 creatures vanquished.

Vanquished Creatures (others)
  A naga sharpshooter (Snake:4)
  A vault sentinel (Vaults:2)
  A killer bee (D:14)
  24 hexers
  3 ancestors
  A gnoll (Orc:2)
  16 fungi
  69 plants
116 creatures vanquished.

Grand Total: 1444 creatures vanquished

Notes
Turn   | Place    | Note
-------+----------+-------------------------------------------
     0 | D:1      | cforsyth the Kobold Brigand began the quest for the Orb.
     0 | D:1      | Reached XP level 1. HP: 12/12 MP: 1/1
   119 | D:1      | Reached XP level 2. HP: 15/18 MP: 2/2
   449 | D:1      | Found Sotwedd's Antique Armour Emporium.
   465 | D:1      | Reached XP level 3. HP: 22/22 MP: 3/3
  1014 | D:2      | Noticed Sigmund
  1018 | D:2      | Killed Sigmund
  1019 | D:2      | Reached skill level 6 in Stealth
  1019 | D:2      | Reached XP level 4. HP: 29/29 MP: 4/4
  1019 | D:2      | Reached XP level 5. HP: 33/33 MP: 5/5
  1019 | D:2      | Reached XP level 6. HP: 38/38 MP: 6/6
  2138 | D:3      | Found a faded altar of an unknown god.
  2448 | D:3      | Found a bloodstained altar of Trog.
  2617 | D:3      | Reached skill level 5 in Short Blades
  2617 | D:3      | Reached skill level 7 in Stealth
  2617 | D:3      | Reached XP level 7. HP: 39/43 MP: 7/7
  3500 | D:4      | Found a staircase to the Ecumenical Temple.
  3973 | D:5      | Entered Level 5 of the Dungeon
  3981 | D:5      | Found a hazy altar of Hepliaklqana.
  4014 | D:5      | Noticed Edmund
  4036 | D:5      | Became a worshipper of Hepliaklqana the Forgotten
  4074 | D:5      | Found a shimmering altar of Xom.
  4167 | D:5      | Reached skill level 5 in Fighting
  4170 | D:5      | Reached XP level 8. HP: 7/49 MP: 8/8
  4170 | D:5      | HP: 2/49 [orc/+0 club (2)]
  4288 | D:5      | Reached skill level 8 in Stealth
  4449 | D:5      | Reached skill level 5 in Dodging
  4479 | D:5      | Noticed Ijyb
  4485 | D:5      | Killed Ijyb
  4548 | D:5      | Killed Edmund
  5229 | D:6      | Reached skill level 9 in Stealth
  5704 | D:6      | Reached XP level 9. HP: 55/55 MP: 9/9
  5933 | D:6      | Reached * piety under Hepliaklqana
  5972 | D:6      | Reached skill level 10 in Stealth
  6283 | D:6      | Noticed a +0 dagger
  6283 | D:6      | Noticed a +0 spear
  6283 | D:6      | Noticed a +0 short sword
  6283 | D:6      | Noticed a +0 dagger
  6285 | D:6      | Noticed a +0 falchion
  6285 | D:6      | Noticed a +0 falchion
  6287 | D:6      | Noticed a +0 short sword
  6288 | D:6      | Noticed a +0 spear
  6312 | D:6      | Found a hide-covered altar of Uskayaw.
  6658 | D:7      | Found a burning altar of Makhleb.
  7499 | D:7      | Reached XP level 10. HP: 56/56 MP: 10/10
  7903 | D:7      | Reached skill level 11 in Stealth
  8747 | D:8      | Found a staircase to the Lair.
  8747 | D:8      | Noticed an elephant
  8756 | D:8      | Reached skill level 10 in Short Blades
  9400 | D:8      | Killed an elephant
  9401 | D:8      | Reached skill level 12 in Stealth
  9566 | D:8      | Reached ** piety under Hepliaklqana
  9567 | D:8      | Remembered your ancestor Necuametl as a hexer
 10058 | D:8      | Reached XP level 11. HP: 62/62 MP: 11/11
 10572 | D:9      | Noticed Prince Ribbit
 10576 | D:9      | Killed Prince Ribbit
 10593 | D:9      | Reached skill level 10 in Dodging
 10611 | D:9      | Reached skill level 13 in Stealth
 10834 | D:9      | Noticed Erica
 10836 | D:9      | Found a flagged portal.
 10850 | D:9      | Killed Erica
 10858 | Bailey   | Entered a bailey
 11234 | Bailey   | Reached skill level 10 in Fighting
 11260 | Bailey   | Noticed a vault guard
 11265 | Bailey   | Killed a vault guard
 11297 | Bailey   | Noticed a vault guard
 11310 | Bailey   | Killed a vault guard
 11604 | D:9      | Reached XP level 12. HP: 54/70 MP: 12/12
 11624 | D:10     | Entered Level 10 of the Dungeon
 11835 | D:10     | Reached skill level 14 in Stealth
 12081 | D:9      | Found a glowing golden altar of the Shining One.
 12265 | D:9      | Noticed Joseph
 12268 | D:9      | Killed Joseph
 12655 | D:9      | Noticed Pikel
 12667 | D:9      | Killed Pikel
 12740 | D:9      | Noticed Psyche
 12744 | D:9      | Killed Psyche
 13190 | D:9      | Found an ornate altar of the Wu Jian Council.
 13384 | D:10     | Reached *** piety under Hepliaklqana
 13509 | D:10     | Found a staircase to the Orcish Mines.
 14705 | D:11     | Reached skill level 15 in Stealth
 14763 | D:11     | Found Murer's Armour Emporium.
 14768 | D:11     | Bought the +4 Cigotuvi's embrace {Corpsefed rMiasma Drain
                  | rN+} for 414 gold pieces
 14768 | D:11     | Found the +4 Cigotuvi's embrace {Corpsefed rMiasma Drain
                  | rN+}
 14996 | D:11     | You fall into a shaft and drop 3 floors!
 15030 | D:14     | Reached **** piety under Hepliaklqana
 15062 | D:14     | Identified the +4 arbalest "Kogoa" {penet, rCorr MP+9}
 15451 | D:13     | Reached XP level 13. HP: 66/75 MP: 13/13
 15542 | D:13     | Noticed a centaur warrior
 15558 | D:13     | Killed a centaur warrior
 15603 | D:13     | Noticed an ogre mage
 15615 | D:13     | Killed an ogre mage
 15832 | D:13     | Reached skill level 16 in Stealth
 15999 | D:13     | Found a gate to the Vaults.
 16654 | D:12     | Identified the ring "Gejar" {*Slow +Blink Str+6 Int+3}
 16941 | D:12     | Noticed Sonja
 16950 | D:12     | Killed Sonja
 17572 | D:11     | Noticed a frost giant
 17573 | D:11     | Noticed a yaktaur captain
 17576 | D:11     | Killed a frost giant
 17585 | D:11     | Killed a yaktaur captain
 17586 | D:11     | Reached skill level 17 in Stealth
 17591 | D:11     | Got the Handbook of Outbursts and Vicissitude
 17596 | D:11     | Identified the +4 buckler of Restlessness {Int+2}
 18227 | D:11     | Reached skill level 1 in Shields
 18227 | D:11     | Reached XP level 14. HP: 67/84 MP: 14/14
 18889 | D:12     | Reached ***** piety under Hepliaklqana
 19120 | Lair:1   | Entered Level 1 of the Lair of Beasts
 19257 | Lair:1   | Identified the ring of Ykliac {rElec rN++ rCorr Dex-2
                  | Stlth+}
 20892 | Lair:2   | Found a shimmering blue altar of Sif Muna.
 20946 | Lair:2   | Reached skill level 18 in Stealth
 21545 | Lair:3   | Found a staircase to the Shoals.
 21730 | Lair:3   | Reached skill level 15 in Dodging
 21965 | Lair:3   | Found a staircase to the Snake Pit.
 22507 | Lair:3   | Reached ****** piety under Hepliaklqana
 22580 | Lair:4   | Found a frozen archway.
 22610 | IceCv    | Entered an ice cave
 22693 | IceCv    | Identified the +4 flail "Orb Guardian's Bane" {holy, Str+4}
 22793 | IceCv    | Reached XP level 15. HP: 90/90 MP: 15/15
 23050 | IceCv    | Noticed a frost giant
 23071 | IceCv    | Reached skill level 5 in Shields
 23075 | IceCv    | Reached skill level 19 in Stealth
 23075 | IceCv    | Reached XP level 16. HP: 44/96 MP: 16/16
 23304 | IceCv    | Identified the +8 long sword of the Heavens {venom, SInv
                  | Stlth+}
 23491 | Lair:4   | Found a transporter.
 23507 | Lair:4   | Found a transporter.
 23672 | Lair:4   | Reached skill level 1 in Long Blades
 24189 | Lair:5   | Entered Level 5 of the Lair of Beasts
 24194 | Lair:5   | Reached skill level 15 in Fighting
 24532 | Lair:5   | Identified the +0 chain mail of Ignis's Favour {Str-5
                  | Int+9}
 25322 | Lair:5   | Reached skill level 20 in Stealth
 25394 | Lair:5   | Found a staircase to the Slime Pits.
 25786 | Orc:1    | Entered Level 1 of the Orcish Mines
 25829 | Orc:1    | Found Foruty's Magic Scroll Shoppe.
 25833 | Orc:1    | Found a dark tunnel.
 25841 | Volcano  | Entered a volcano
 26244 | Volcano  | Found a burning altar of Makhleb.
 26267 | Volcano  | Found a burning altar of Makhleb.
 26722 | Orc:2    | Entered Level 2 of the Orcish Mines
 26751 | Orc:2    | Reached XP level 17. HP: 91/101 MP: 17/17
 27138 | Orc:2    | Found Uqubuf's Antique Armour Shoppe.
 27143 | Orc:2    | Found Hipy's Assorted Antiques.
 27149 | Orc:2    | Found Limowef's Assorted Antiques.
 27184 | Orc:1    | Noticed Nergalle
 27201 | Orc:1    | Killed Nergalle
 27374 | Orc:2    | Found Tociwyarph's Book Emporium.
 27557 | Orc:2    | Found a staircase to the Elven Halls.
 27902 | D:13     | Noticed Frances
 27914 | D:13     | Killed Frances
 28028 | D:13     | Identified the +0 pair of gloves of Umocinio {rPois MP+9
                  | Str+4 Dex-5}
 29000 | D:14     | Noticed a storm dragon
 29007 | D:14     | Killed a storm dragon
 29008 | D:14     | Reached skill level 5 in Long Blades
 29393 | D:14     | Reached skill level 21 in Stealth
 30284 | D:14     | Found a runed translucent door.
 30437 | D:14     | Reached XP level 18. HP: 108/109 MP: 18/18
 30698 | D:14     | Noticed dolemite99's ghost (adept DjNe)
 30708 | D:14     | Killed dolemite99's ghost
 31140 | D:1      | Bought a runed helmet for 180 gold pieces
 31421 | D:15     | Entered Level 15 of the Dungeon
 31587 | D:15     | Found an iron altar of Okawaru.
 32145 | D:15     | Found a staircase to the Depths.
 32338 | D:15     | Identified the +1 chain mail "Paluq" {rPois Str-5 Int+3
                  | Stlth+}
 32743 | Snake:1  | Entered Level 1 of the Snake Pit
 33566 | Snake:1  | Found Qennef's Self-Improvement Boutique.
 33717 | Snake:1  | Found Nad Kapt's Distillery.
 33724 | Snake:1  | Found Pebriemo's Book Shop.
 33733 | Snake:1  | Bought a manual of Shields for 1280 gold pieces
 34795 | Snake:3  | Found Seatug's Jewellery Shoppe.
 35634 | Snake:3  | Bought the amulet "Cahe Ohe" {Regen+ Str+2} for 535 gold
                  | pieces
 36128 | Snake:3  | Reached skill level 22 in Stealth
 36635 | Snake:3  | Reached XP level 19. HP: 102/115 MP: 19/19
 36644 | Snake:3  | Noticed Vashnia
 36753 | Snake:3  | Reached skill level 10 in Shields
 36764 | Snake:3  | Killed Vashnia
 37225 | Snake:4  | Entered Level 4 of the Snake Pit
 37774 | Snake:4  | Found a runed translucent gate.
 37780 | Snake:4  | Found a runed translucent gate.
 37781 | Snake:4  | Found a runed translucent gate.
 37781 | Snake:4  | Noticed cforsyth's ghost (adept TeSu)
 37995 | Snake:4  | Got a serpentine rune of Zot
 38761 | Snake:4  | Reached skill level 23 in Stealth
 39174 | Snake:4  | Killed cforsyth's ghost
 39281 | Shoals:1 | Entered Level 1 of the Shoals
 39417 | Shoals:1 | Reached XP level 20. HP: 122/122 MP: 20/20
 42022 | Shoals:4 | Entered Level 4 of the Shoals
 42241 | Shoals:4 | Identified the +7 broad axe "Tialliqy" {vamp, rF+ rCorr
                  | Str+3}
 42305 | Shoals:4 | Got a barnacled rune of Zot
 42477 | Shoals:4 | Identified the +0 leather armour of Dim Light {+Blink
                  | rPois}
 42909 | Vaults:1 | Entered Level 1 of the Vaults
 42918 | Vaults:1 | Reached skill level 24 in Stealth
 42927 | Vaults:1 | Reached XP level 21. HP: 128/128 MP: 21/21
 43642 | Vaults:1 | Reached skill level 10 in Long Blades
 44351 | Vaults:1 | Noticed Donald
 44360 | Vaults:1 | Killed Donald
 44722 | Vaults:2 | Found a huge runed gate.
 44722 | Vaults:2 | Found a huge runed gate.
 44722 | Vaults:2 | Found a huge runed gate.
 44722 | Vaults:2 | Found a huge runed gate.
 44723 | Vaults:2 | Found a huge runed gate.
 44724 | Vaults:2 | Found a huge runed gate.
 44726 | Vaults:2 | Found a huge runed gate.
 44726 | Vaults:2 | Found a huge runed gate.
 44726 | Vaults:2 | Found a huge runed gate.
 44727 | Vaults:2 | Found a huge runed gate.
 44728 | Vaults:2 | Found a huge runed gate.
 44729 | Vaults:2 | Found a huge runed gate.
 44730 | Vaults:2 | Found a huge runed gate.
 44731 | Vaults:2 | Found a huge runed gate.
 44732 | Vaults:2 | Found a huge runed gate.
 44737 | Vaults:2 | Found a huge runed gate.
 44737 | Vaults:2 | Found a huge runed gate.
 44737 | Vaults:2 | Found a huge runed gate.
 44738 | Vaults:2 | Found a huge runed gate.
 44739 | Vaults:2 | Found a huge runed gate.
 44740 | Vaults:2 | Found a huge runed gate.
 44741 | Vaults:2 | Found a huge runed gate.
 44742 | Vaults:2 | Found a huge runed gate.
 44743 | Vaults:2 | Found a huge runed gate.
 44748 | Vaults:2 | Found a huge runed gate.
 44748 | Vaults:2 | Found a huge runed gate.
 44748 | Vaults:2 | Found a huge runed gate.
 45007 | Vaults:2 | Found a huge runed gate.
 45008 | Vaults:2 | Found a huge runed gate.
 45009 | Vaults:2 | Found a huge runed gate.
 45010 | Vaults:2 | Found a huge runed gate.
 45038 | Vaults:2 | Reached XP level 22. HP: 115/135 MP: 22/22
 45212 | Vaults:2 | Found a staircase to the Crypt.
 45236 | Vaults:2 | Killed from afar by an ancient champion

Illustrated notes

Levels and vault maps discovered:
D:1:      dpeg_arrival_erosion, layout_loops_ring, serial_shops,
          nicolae_shop_trees
D:2:      layout_basic, nicolae_figureground_sparkle, uniq_sigmund
D:3:      cheibrodos_thug_alley, layout_loops_cross,
          mainiacjoe_overflow_alcove_1, dreamdust_ecumenical_altar_statues,
          minmay_misc_feat_doors
D:4:      layout_basic, minmay_temple_entry_mini_moons
D:5:      minmay_diamond_boxcup, layout_rooms,
          mainiacjoe_overflow_small_starburst, xom_butterflies, uniq_ijyb,
          uniq_edmund
D:6:      layout_basic, nicolae_uskayaw_en_pointe
D:7:      layout_rooms, amcnicky_altar_gilded
D:8:      layout_basic, david_lair_generic
D:9:      layout_basic, tso_metal_star, lemuel_tele_altar, enter_bailey_2,
          kennysheep_boxes, uniq_erica, uniq_psyche, uniq_pikel,
          uniq_prince_ribbit1, uniq_joseph
D:10:     layout_stronghold, orc_0_dummy
D:11:     minmay_the_grid_four_pointed_star
          [minmay_the_grid_triangle_9x9_sparse_checkered,
          minmay_the_grid_triangle_9x9_stretched_checkered,
          minmay_the_grid_triangle_9x9_from_above,
          minmay_the_grid_triangle_9x9_empty,
          minmay_the_grid_prize_diamond_cup], layout_stronghold, serial_shops,
          shop
D:12:     minmay_goldmine, layout_stronghold, uniq_sonja
D:13:     kennysheep_blocky_hall, layout_small_grid,
          hangedman_vaults_entry_quadrant_bands, uniq_frances
D:14:     hangedman_what_comes_after_a, layout_small_grid,
          ebering_ghost_reflecting_pool
D:15:     gammafunk_enter_depths_forms, layout_stronghold,
          okawaru_metal_pillars_1_2
Lair:1:   layout_gridlike, st_stairs_10, beast_lair_carwin_5, grunt_megastairs_2
Lair:2:   layout_small_grid, basic_altar, beast_lair_carwin_10
Lair:3:   layout_small_grid, elwin_shoals_entry_rocks, dummy_snake_entry,
          chequers_serial_rivers_small_a, st_stairs_11, serial_bayou_shore_a
Lair:4:   layout_roguey, portal_ice_cave_entry_pillars_2, nzn_ghost_randoct
Lair:5:   grunt_lair_end_beastmaster, layout_cave_pods, slime_entry_1,
          st_stairs_11
Shoals:1: layout_shoals
Shoals:2: layout_shoals
Shoals:3: nicolae_shoals_aurelia_aurita, layout_shoals
Shoals:4: shoals_end_hellmonk_lost_city
Snake:1:  layout_honeycomb, abandoned_shop, nicolae_shop_self_help,
          minmay_shoptagon, grunt_megastairs_4
Snake:2:  layout_concentric_octagons
Snake:3:  layout_chambers, serial_shops, nicolae_stop_n_shop_2,
          serial_bayou_shore_b, uniq_vashnia
Snake:4:  hellmonk_snake_rune_quicksilver_temple, layout_cave_town,
          gammafunk_ghost_split, nicolae_snake_yet_another_twisty_hallway
Orc:1:    layout_caves, serial_shops, shop, enter_volcano_1, uniq_nergalle
Orc:2:    st_orc_open, layout_caves
Vaults:1: v_rooms_5, hangedman_vaults_corner, vaults_dpeg_spiral,
          vaults_dpeg_doors, nicolae_vaults_border_crossing, grunt_vaults_focal,
          v_misc_31, v_misc_27, v_misc_15, v_alt_pattern_5,
          nicolae_vaults_diagonal_hallway_7, v_alt_pattern_4, v_alt_pattern_3,
          vaults_dpeg_ring, layout_vaults_maze_snakey, uniq_donald
Vaults:2: door_vault, vaults_mumra_chevron_long, ontoclasm_vaults_tryst,
          vaults_dpeg_cross, grunt_vaults_swirl, vaults_standard_mumra_x,
          nicolae_vaults_big_ls, v_rooms_3, grunt_vaults_funnel,
          vaults_room_hallway, minmay_crypt_entry_simple_round,
          nicolae_vaults_little_squares_3, nicolae_vaults_network_s,
          ontoclasm_vaults_ligature, layout_vaults_omnibox

Skill      XL: |  1  2  3  4  5  6  7  8  9 10 11 12 13 14 15 16 17 18 19 20 21 |
---------------+----------------------------------------------------------------+-----
Short Blades   | 3 4 5 7 8 10 12 13 14 | 14.0
Dodging        | 3 4 6 7 9 10 12 14 15 16 17 18 19 20 21 | 21.1
Fighting       | 3 4 5 6 7 8 10 11 13 14 15 16 17 18 19 | 19.6
Stealth        | 6 7 9 10 12 13 15 17 18 19 20 21 22 23 24 | 24.9
Shields        | 1 4 5 6 8 9 11 13 | 13.9
Long Blades    | 3 5 7 8 9 10 | 10.6
Throwing       | |  2.1

Action                     |  1- 3 |  4- 6 |  7- 9 | 10-12 | 13-15 | 16-18 | 19-21 | 22-24 || total
---------------------------+-------+-------+-------+-------+-------+-------+-------+-------++-------
  Melee: Dagger            |    90 |    79 |   360 |   654 |   899 |    17 |       |       ||  2099
         Punch             |     1 |     1 |     4 |    14 |     1 |       |       |       ||    21
         Long sword        |       |       |       |       |       |  1126 |  1221 |    53 ||  2400
 Invoke: Ancestor Life: He |       |       |       |     1 |       |       |       |       ||     1
         Recall Ancestor   |       |       |       |     2 |       |     3 |       |       ||     5
  Evoke: Wand              |       |       |       |       |       |     3 |       |       ||     3
    Use: Potion            |       |       |     3 |       |     2 |     4 |       |     1 ||    10
         Scroll            |       |       |     2 |    18 |     8 |     8 |     4 |       ||    40
   Stab: Sleeping          |    20 |    20 |    33 |    20 |    29 |    34 |    32 |       ||   188
         Distracted        |       |     1 |     2 |    12 |    27 |    31 |    31 |     1 ||   105
         Confused          |       |       |       |    16 |    25 |    49 |   150 |       ||   240
         Paralysed         |       |       |       |       |    10 |    77 |   101 |       ||   188
         Petrified         |       |       |       |       |       |     7 |       |       ||     7
         Petrifying        |       |       |       |       |       |     1 |       |       ||     1
 Armour: Robe              |    22 |     6 |    16 |    15 |       |       |       |       ||    59
         Troll leather arm |       |       |       |    12 |       |       |       |       ||    12
         Leather armour    |       |       |       |     2 |    88 |   187 |   120 |     8 ||   405
  Dodge: Dodged            |    51 |    41 |   295 |   382 |   647 |  1842 |  1078 |    68 ||  4404
  Block: Buckler           |       |       |       |       |   276 |  1112 |   731 |       ||  2119
         Kite shield       |       |       |       |       |       |       |    55 |    66 ||   121

Table legend: (Time is in decaauts)
 A = Elapsed time spent in this place.
 B = Non-inter-level travel time spent in this place.
 C = Inter-level travel time spent in this place.
 D = Time resting spent in this place.
 E = Time spent auto-exploring this place.
 F = Levels seen in this place.
 G = Mean time per level.
                   A        B        C        D        E       F      G
               +--------+--------+--------+--------+--------+-----+--------+
         Total |  44850 |  42271 |   2579 |   5263 |  29002 |  35 | 1281.4 |
       Dungeon |  23062 |  21432 |   1630 |   3086 |  15070 |  15 | 1537.5 |
          Lair |   6151 |   5746 |    405 |    408 |   4362 |   5 | 1230.2 |
        Shoals |   3721 |   3529 |    192 |      0 |   2614 |   4 |  930.2 |
     Snake Pit |   6294 |   6115 |    179 |   1068 |   3933 |   4 | 1573.5 |
  Orcish Mines |   1503 |   1429 |     74 |    226 |    787 |   2 |  751.5 |
        Vaults |   2263 |   2166 |     97 |      0 |   1487 |   2 | 1131.5 |
        Bailey |    649 |    649 |      0 |    335 |    193 |   1 |  649.0 |
      Ice Cave |    661 |    661 |      0 |    140 |    197 |   1 |  661.0 |
       Volcano |    542 |    542 |      0 |      0 |    357 |   1 |  542.0 |
               +--------+--------+--------+--------+--------+-----+--------+

Top non-repeatable levels by time:
    D:13: 2373 daAuts
    D:14: 2159 daAuts
     D:6: 2010 daAuts
 Snake:4: 1961 daAuts
     D:8: 1898 daAuts
 Snake:2: 1823 daAuts
     D:9: 1732 daAuts
    D:12: 1686 daAuts
Vaults:1: 1663 daAuts
    D:11: 1649 daAuts
    D:10: 1649 daAuts
 Snake:3: 1486 daAuts
  Lair:5: 1475 daAuts
  Lair:3: 1425 daAuts
     D:5: 1326 daAuts
